 Dungeon Crawl Stone Soup version 0.22.1-1-ga44c0e5 (webtiles) character file.

11394 whitewolfNL the Basher (level 11, 0/138 HPs)
             Began as a Minotaur Berserker on Nov 6, 2018.
             Was a High Priest of Trog.
             Slain by a 12-headed hydra (11 damage)
             ... on level 1 of the Lair of Beasts.
             The game lasted 01:37:49 (15251 turns).

whitewolfNL the Basher (Minotaur Berserker)        Turns: 15251, Time: 01:37:50

Health: 0/138      AC: 16    Str: 26    XL:     11   Next: 48%
Magic:  0/4        EV: 12    Int:  5    God:    Trog [*****.]
Gold:   675        SH:  0    Dex: 13    Spells: 10/10 levels left

rFire    + . .     SeeInvis .   W - +2 battleaxe (antimagic)
rCold    x . .     Gourm    .   (shield currently unavailable)
rNeg     . . .     Faith    .   G - +3 chain mail {MR+}
rPois    .         Spirit   +   (helmet restricted)
rElec    .         Reflect  .   j - +0 cloak
rCorr    .         Harm     .   w - +0 pair of gloves
MR       +....                  (no boots)
Stlth    ..........             E - amulet of guardian spirit
HPRegen  0.33/turn              z - ring of fire
MPRegen  0.09/turn              (no ring)

@: berserking, very quick
A: retaliatory headbutt, horns 2
a: Berserk, Trog's Hand, Brothers in Arms, Renounce Religion


You were on level 1 of the Lair of Beasts.
You worshipped Trog.
Trog was extremely pleased with you.
You were very hungry.

You visited 2 branches of the dungeon, and saw 12 of its levels.

You collected 703 gold pieces.
You spent 28 gold pieces at shops.

Inventory:

Hand Weapons
 m - a +0 mace of protection
 A - a +0 dire flail of holy wrath
 W - a +2 antimagic battleaxe (weapon)
Missiles
 b - 49 sling bullets
 e - 32 poisoned needles
 f - 169 arrows
 l - 4 javelins (quivered)
 n - 126 bolts
 u - 7 needles of frenzy
 M - 4 throwing nets
 U - 11 curare-tipped needles
Armour
 i - a +0 buckler
 j - a +0 cloak (worn)
 o - +0 steam dragon scales
 w - a +0 pair of gloves (worn)
 G - a +3 chain mail of magic resistance (worn)
Magical Staves
 T - an uncursed staff of cold
Jewellery
 z - a ring of fire (left hand)
 E - an amulet of guardian spirit (around neck)
Wands
 a - a wand of acid (7)
 r - a wand of paralysis (16)
 y - a wand of iceblast (6)
 F - a wand of flame (18)
 N - a wand of digging (3)
Scrolls
 d - 4 scrolls of amnesia
 h - 3 scrolls of remove curse
 s - a scroll of fear
 C - a scroll of enchant weapon {unknown}
 D - 2 scrolls of blinking
 H - a scroll of random uselessness {unknown}
 J - 2 scrolls of enchant armour
 L - a scroll of teleportation
 O - 2 scrolls of noise {unknown}
 P - a scroll of torment {unknown}
 S - a scroll of brand weapon {unknown}
 Z - a scroll of holy word {unknown}
Potions
 g - a potion of berserk rage {unknown}
 k - 3 potions of might {unknown}
 p - a potion of curing
 q - a potion of haste {unknown}
 t - 3 potions of heal wounds
 v - a potion of resistance {unknown}
 B - a potion of brilliance {unknown}
 I - 2 potions of ambrosia {unknown}
 Q - 2 potions of lignification {unknown}
 R - a potion of flight {unknown}
Miscellaneous
 V - a crystal ball of energy
Comestibles
 c - 15 rations
 x - a chunk of flesh


   Skills:
 + Level 7.3 Fighting
 * Level 9.7(11.6) Axes
 - Level 10.5(12.0) Maces & Flails
 * Level 1.5 Throwing
 + Level 8.1 Armour
 + Level 6.8 Dodging
 - Level 5.2 Stealth
 - Level 6.1 Shields
 * Level 4.9 Evocations


You had 10 spell levels left.
You didn't know any spells.
Your spell library was empty.

Dungeon Overview and Level Annotations

Branches:
Dungeon (11/15)            Temple (0/1) D:5            Lair (1/6) D:10
    Orc: D:9-12

Altars:
Dithmenos
Elyvilon
Fedhas
Gozag
Kikubaaqudgha
Makhleb
Trog
Wu Jian
Yredelemnul

Shops:
D:6 !%*(%   D:8 }

Annotations:
D:3 Blork the orc
D:10 3 runed doors, exclusion: obsidian statue


Innate Abilities, Weirdness & Mutations

You reflexively headbutt those who attack you in melee.
You have a pair of horns on your head.


Message History

* * * LOW HITPOINT WARNING * * *
The 11-headed hydra bites you but does no damage.
The 11-headed hydra barely misses you.
The 11-headed hydra bites you but does no damage.
The 11-headed hydra barely misses you.
The 11-headed hydra bites you but does no damage.
The 11-headed hydra bites you!
* * * LOW HITPOINT WARNING * * *
The 11-headed hydra bites you but does no damage. x2
The 11-headed hydra closely misses you.
You hack one of the 11-headed hydra's heads off!
The ten-headed hydra grows two more!
You slash the 12-headed hydra!
The 12-headed hydra is severely wounded.
The 12-headed hydra closely misses you. The 12-headed hydra bites you!
* * * LOW HITPOINT WARNING * * *
The 12-headed hydra bites you.
* * * LOW HITPOINT WARNING * * *
The 12-headed hydra bites you but does no damage. x2
The 12-headed hydra bites you!
You die...

####
#####P###.....###...##
.#.#
#.#............#..###
..####
#............#..##
.♣##.# #..............##
.....####.............##
.##.÷...............###
##..................#
....#.####.........##
....### #......@.##
....# #.......D..# .....
#.......#(.# ....#
##.....###..( ....#
#.....# ..... #....P
#.... ####.# #... ## #..


You could see a 12-headed hydra.

Vanquished Creatures
  Harold (D:7)
  3 two-headed ogres
  A wolf spider (D:11)
  A cyclops (D:11)
  An ugly thing (D:11)
  3 spiny frogs (Lair:1)
  A gargoyle (D:11)
  2 komodo dragons
  2 hippogriffs
  A shadow (D:11)
  6 yaks
  A steam dragon (D:8)
  Edmund (D:6)
  3 water moccasins
  A porcupine (Lair:1)
  An ice beast (D:5)
  2 orc warriors
  3 sky beasts
  A phantom (D:5)
  4 ogres
  3 centaurs
  5 bullfrogs
  A water moccasin zombie (D:6)
  5 scorpions
  6 killer bees
  5 wights (D:8)
  A howler monkey (D:4)
  4 electric eels
  3 centaur zombies
  A bullfrog zombie (D:6)
  6 crimson imps
  3 hounds
  3 quasits
  2 jellies
  2 orc priests
  3 bullfrog skeletons
  5 orc wizards
  Jessica (D:2)
  Ijyb (D:5)
  An iguana (D:5)
  9 worker ants
  2 hound zombies
  A hound skeleton (D:7)
  Robin (D:2)
  4 gnolls (D:7)
  A howler monkey skeleton (D:11)
  10 adders
  3 shadow imps
  4 oozes
  2 adder zombies
  An adder skeleton (D:6)
  8 worms
  2 dart slugs (D:1)
  5 leopard geckos
  35 orcs
  7 giant cockroaches
  11 goblins
  9 hobgoblins
  16 jackals
  2 quokkas
  6 bats
  5 frilled lizards
  8 kobolds
  4 rats
  2 fungi (Lair:1)
  2 plants (D:5)
260 creatures vanquished.

Vanquished Creatures (others)
  4 plants (D:10)
4 creatures vanquished.

Grand Total: 264 creatures vanquished

Notes
Turn   | Place    | Note
-------+----------+-------------------------------------------
     0 | D:1      | whitewolfNL the Minotaur Berserker began the quest for the
                  | Orb.
     0 | D:1      | Reached XP level 1. HP: 19/19 MP: 0/0
   120 | D:1      | Reached XP level 2. HP: 12/27 MP: 1/1
  1196 | D:2      | Reached XP level 3. HP: 33/33 MP: 2/2
  1442 | D:2      | Noticed Robin
  1450 | D:2      | Reached ** piety under Trog
  1453 | D:2      | Killed Robin
  1494 | D:2      | Reached skill level 5 in Axes
  1494 | D:2      | Reached XP level 4. HP: 41/41 MP: 3/3
  1655 | D:2      | Noticed Jessica
  1664 | D:2      | Killed Jessica
  1958 | D:2      | Reached skill level 1 in Stealth
  2574 | D:3      | Reached XP level 5. HP: 47/47 MP: 4/4
  2597 | D:3      | Found a basalt altar of Yredelemnul.
  2888 | D:3      | Reached skill level 1 in Maces & Flails
  3622 | D:3      | Noticed Blork the orc
  3892 | D:4      | Reached XP level 6. HP: 52/55 MP: 5/5
  4186 | D:4      | Reached skill level 2 in Maces & Flails
  4740 | D:5      | Entered Level 5 of the Dungeon
  4946 | D:5      | Reached *** piety under Trog
  4947 | D:5      | Reached skill level 1 in Shields
  5187 | D:5      | Reached skill level 5 in Fighting
  5187 | D:5      | Reached skill level 3 in Maces & Flails
  5256 | D:5      | Reached XP level 7. HP: 32/61 MP: 6/6
  6080 | D:5      | Noticed Ijyb
  6093 | D:5      | Killed Ijyb
  6101 | D:5      | Reached skill level 4 in Maces & Flails
  6430 | D:5      | Found a staircase to the Ecumenical Temple.
  6465 | D:5      | Found a bloodstained altar of Trog.
  6978 | D:5      | Found a shadowy altar of Dithmenos.
  7359 | D:6      | Reached skill level 1 in Evocations
  7359 | D:6      | Reached XP level 8. HP: 64/69 MP: 4/7
  7419 | D:6      | Reached skill level 5 in Maces & Flails
  7810 | D:6      | Reached skill level 5 in Armour
  7834 | D:6      | Noticed Edmund
  7851 | D:6      | Killed Edmund
  7851 | D:6      | Reached skill level 6 in Maces & Flails
  8255 | D:6      | Found Rexzepredwu's Food Boutique.
  8336 | D:6      | Found Jubed's Weapon Boutique.
  8404 | D:6      | Found Nasut's General Store.
  8410 | D:6      | Bought a scroll of identify for 28 gold pieces
  8696 | D:6      | Found Hujur's Distillery.
  8718 | D:6      | Found Tesunylo's Food Boutique.
  9146 | D:7      | Reached XP level 9. HP: 75/75 MP: 9/9
  9202 | D:7      | Noticed Harold
  9216 | D:7      | Reached skill level 7 in Maces & Flails
  9225 | D:7      | Reached **** piety under Trog
  9231 | D:7      | Killed Harold
  9231 | D:7      | Reached skill level 8 in Maces & Flails
  9231 | D:7      | Reached skill level 5 in Dodging
  9235 | D:7      | HP: 3/75 [killer bee (3)]
  9481 | D:7      | Received a gift from Trog
 10433 | D:8      | Found Edemuo Pybb's Gadget Shoppe.
 10489 | D:8      | Reached skill level 9 in Maces & Flails
 10709 | D:8      | You fall through a shaft for 3 floors!
 10709 | D:11     | Noticed a wolf spider
 10726 | D:11     | Killed a wolf spider
 10726 | D:11     | Reached XP level 10. HP: 53/84 MP: 5/11
 11022 | D:11     | Noticed a white ugly thing
 11031 | D:11     | Killed a white ugly thing
 11076 | D:11     | Noticed a gargoyle
 11089 | D:11     | Killed a gargoyle
 11089 | D:11     | Reached skill level 5 in Shields
 11120 | D:11     | Noticed a cyclops
 11204 | D:11     | Killed a cyclops
 11444 | D:10     | Entered Level 10 of the Dungeon
 11494 | D:10     | Noticed a two-headed ogre
 11503 | D:10     | Killed a two-headed ogre
 11527 | D:10     | Reached skill level 10 in Maces & Flails
 11599 | D:10     | Found a runed gate.
 11656 | D:10     | Found a runed gate.
 11656 | D:10     | Found an opulent altar of Gozag.
 11656 | D:10     | Noticed an obsidian statue
 11693 | D:10     | Found a runed gate.
 11851 | D:9      | Noticed a two-headed ogre
 11859 | D:9      | Killed a two-headed ogre
 11859 | D:9      | Reached skill level 5 in Stealth
 12088 | D:9      | Found an ancient bone altar of Kikubaaqudgha.
 12107 | D:9      | Found a white marble altar of Elyvilon.
 12107 | D:9      | Found an ornate altar of the Wu Jian Council.
 12108 | D:9      | Found a blossoming altar of Fedhas.
 13028 | D:9      | Reached XP level 11. HP: 79/92 MP: 10/13
 13514 | D:8      | Noticed a two-headed ogre
 13523 | D:8      | Killed a two-headed ogre
 13540 | D:8      | Reached ***** piety under Trog
 13620 | D:8      | Found a burning altar of Makhleb.
 14116 | D:10     | Found a staircase to the Lair.
 14158 | Lair:1   | Entered Level 1 of the Lair of Beasts
 14681 | Lair:1   | Received a gift from Trog
 14821 | Lair:1   | Reached skill level 1 in Throwing
 15240 | Lair:1   | Noticed a six-headed hydra
 15251 | Lair:1   | Slain by a 12-headed hydra

Skill      XL: |  1  2  3  4  5  6  7  8  9 10 11 |
---------------+----------------------------------+-----
Axes           | 4 5 6 7 8 9 |  9.7
Fighting       | 4 5 6 7 |  7.3
Stealth        | 1 2 3 4 5 |  5.2
Armour         | 3 4 5 6 7 8 |  8.1
Dodging        | 3 4 5 6 |  6.8
Maces & Flails | 1 3 4 6 9 10 | 10.5
Shields        | 1 2 3 4 6 |  6.1
Evocations     | 1 2 3 4 |  4.9
Throwing       | 1 |  1.5

Action                   |  1- 3 |  4- 6 |  7- 9 | 10-12 || total
-------------------------+-------+-------+-------+-------++-------
Melee: Hand axe          |    75 |    49 |       |       ||   124
       Headbutt          |    19 |    34 |    94 |    60 ||   207
       Mace              |       |    92 |   360 |   188 ||   640
       War axe           |       |       |     1 |    61 ||    62
       Battleaxe         |       |       |       |    18 ||    18
Throw: Javelin           |       |       |       |    23 ||    23
Invok: Berserk           |     1 |     5 |    10 |    13 ||    29
Evoke: Wand              |       |     1 |     9 |    20 ||    30
  Use: Scroll            |     1 |     4 |     7 |     8 ||    20
       Potion            |       |       |     2 |     3 ||     5
 Stab: Paralysed         |       |       |       |    11 ||    11
  Eat: Ration            |     1 |     2 |     5 |     4 ||    12
       Chunk             |       |    12 |     5 |    13 ||    30
Armor: Chain mail        |    24 |    91 |   223 |   324 ||   662
       Animal skin       |     5 |       |       |       ||     5
Dodge: Dodged            |    33 |    49 |   164 |   147 ||   393
Block: Buckler           |       |    10 |    88 |    75 ||   173
